 Dungeon Crawl Stone Soup version 0.18.1-50-g88ac8fd (webtiles) character file.

52 Fiskpinne the Vexing (level 4, -1/24 HPs)
             Began as a Kobold Enchanter on Oct 28, 2016.
             Slain by an adder (5 damage)
             ... on level 1 of the Dungeon.
             The game lasted 00:04:06 (1649 turns).

Fiskpinne the Vexing (Kobold Enchanter)             Turns: 1649, Time: 00:04:07

Health: -1/24      AC:  7    Str:  6    XL:     4   Next: 8%
Magic:  7/7        EV:  9    Int: 14    God:
Gold:   90         SH:  0    Dex: 16    Spells: 3 memorised, 1 level left

rFire  . . .     SeeInvis .     a - +1 dagger
rCold  . . .     Gourm    .     b - +2 robe
rNeg   . . .     Faith    .     (shield restricted)
rPois  .         Spirit   .     (no helmet)
rElec  .         Dismiss  .     (no cloak)
rCorr  .         Reflect  .     (no gloves)
SustAt .         Harm     .     (no boots)
MR     .....                    (no amulet)
Stlth  +++.......               n - +3 ring of protection
                                h - -6 ring of evasion (curse)

@: lethally poisoned (-1 -> -9), not resistant to hostile enchantments, fairly
stealthy
A: carnivore 3
a: no special abilities


You were on level 1 of the Dungeon.
You were very full.

You visited 1 branch of the dungeon, and saw 2 of its levels.

You collected 90 gold pieces.

Inventory:

Hand Weapons
 a - a +1 dagger (weapon)
Missiles
 e - 106 stones (quivered)
Armour
 b - a +2 robe (worn)
Jewellery
 h - a cursed -6 ring of evasion (left hand)
 n - a +3 ring of protection (right hand)
Scrolls
 i - 2 scrolls of fear
 k - a scroll of identify
Potions
 f - 2 potions of might {unknown}
 g - a potion of magic {unknown}
 l - a potion of resistance
Books
 c - a book of Maledictions

   Spells                             Type                      Level
   a - Corona                         Hexes                        1
   b - Ensorcelled Hibernation        Hexes/Ice                    2
   c - Confuse                        Hexes                        3
   d - Tukima's Dance                 Hexes                        3
   e - Dazzling Spray                 Conjuration/Hexes            3
Comestibles
 d - a meat ration


   Skills:
 + Level 2.8 Short Blades
 - Level 2.4 Dodging
 - Level 4.0 Stealth
 - Level 2.0 Spellcasting
 * Level 4.2 Hexes


You had one spell level left.
You knew the following spells:

 Your Spells              Type           Power        Failure   Level  Hunger
a - Corona                Hex            ##.....      4%          1    ##.....
b - Confuse               Hex            ##......     14%         3    ####...
c - Ensorcelled Hibernat  Hex/Ice        #.....       17%         2    ###....


Dungeon Overview and Level Annotations

Branches:
Dungeon (2/15)

Altars:


Innate Abilities, Weirdness & Mutations

You are small and have problems with some larger weapons.
You are carnivorous and can eat meat at any time.


Message History

You closely miss the adder.
The adder is severely wounded.
You feel sick. The adder bites you but does no damage.
You miss the adder.
The adder is severely wounded.
You feel sick. The gnoll hits you with a club. The adder misses you.
You hit the adder.
The adder is almost dead.
The adder barely misses you. The gnoll hits you with a club.
* * * LOW HITPOINT WARNING * * *
You hit the adder but do no damage.
The adder is almost dead.
* * * LOW HITPOINT WARNING * * *
You feel sick. The adder barely misses you. The gnoll hits you with a club.
* * * LOW HITPOINT WARNING * * *
You completely miss the adder.
The adder is almost dead.
* * * LOW HITPOINT WARNING * * *
You feel sick. The adder bites you.
You die...

##.####.## #.....# #.#
##.#.#....# ##...## #######.#
#.###.....# ##.## #..รท....#
#..#....#.# #.# #.#######
#.#.##....# #.# #.#
#.#.###.### ##+## #.#
#.#..##.# ##...## #.#
#.##.##.# ##...Sg## #.####
#.##>.#.# ##....@..###.##.####
#.##....###.........##.......#
....).....'.........'........#
####...####.........##.#...#.#
#..## ##.......###.##.##.#
#.## ##.....## #...###.#
####.# ##...## #.#.# #.#
#....# ##'## #.#.###.# #....#
#.# #.......#


You could see a gnoll and an adder.

Vanquished Creatures
  An adder (D:2)
  A worm (D:1)
  5 bats
  A giant cockroach (D:1)
  3 goblins
  2 hobgoblins
  11 jackals
  6 kobolds (D:1)
  2 giant newts
  2 rats
34 creatures vanquished.

Notes
Turn   | Place    | Note
--------------------------------------------------------------
     0 | D:1      | Fiskpinne the Kobold Enchanter began the quest for the Orb.
     0 | D:1      | Reached XP level 1. HP: 10/10 MP: 3/3
   336 | D:1      | Reached XP level 2. HP: 15/15 MP: 5/5
   802 | D:1      | Reached XP level 3. HP: 12/19 MP: 6/6
  1100 | D:2      | Learned a level 3 spell: Confuse
  1103 | D:2      | Learned a level 2 spell: Ensorcelled Hibernation
  1366 | D:1      | Reached XP level 4. HP: 3/24 MP: 7/7
  1649 | D:1      | Slain by an adder

Skill      XL: |  1  2  3 |
---------------+----------+-----
Short Blades   | 2 |  2.8
Hexes          | 4 |  4.2
Dodging        | |  2.4
Stealth        | |  4.0
Spellcasting   | |  2.0

Action                   |  1- 3 |  4- 6 || total
-------------------------+-------+-------++-------
Melee: Dagger            |   148 |    21 ||   169
 Cast: Corona            |     2 |       ||     2
  Use: Scroll            |     4 |       ||     4
 Stab: Sleeping          |     9 |       ||     9
  Eat: Chunk             |    10 |       ||    10
Armor: Robe              |    63 |     7 ||    70
Dodge: Dodged            |   100 |    14 ||   114
